 Dungeon Crawl Stone Soup version 0.29-a0-925-g0a7a3d12f8 (webtiles) character file.

Game seed: 14731454472142688251

1325 nicolae the Changer (level 8, -2/62 (70) HPs)
             Began as a Green Draconian Transmuter on July 29, 2022.
             Was an Initiate of Gozag.
             Slain by a wight
             ... wielding a +4 halberd
              (4 damage)
             ... on level 6 of the Dungeon.
             The game lasted 00:18:51 (5435 turns).

nicolae the Changer (Green Draconian Transmuter)    Turns: 5435, Time: 00:18:53

HP:   -2/62 (70)    AC:  7    Str: 13    XL:     8   Next: 34%
MP:   8/11          EV: 10    Int: 16    God:    Gozag
Gold: 453           SH:  0    Dex: 11    Spells: 1/11 levels left

rFire   x . .      SeeInvis .     - Unarmed
rCold   + + +      Faith    .   (shield currently unavailable)
rNeg    . . .      Spirit   .   (body armour unavailable)
rPois   +          Reflect  .   (helmet currently unavailable)
rElec   .          Harm     .   (cloak currently unavailable)
rCorr   +          Rampage  .   (gloves currently unavailable)
Will    .....                   (boots currently unavailable)
Stlth   +.........              e - amulet of regeneration
HPRegen 1.00/turn               s - ring of flight
MPRegen 0.12/turn               v - ring of resist corrosion

@: about to teleport, ice-form, flying, heavily drained
A: freezing attack, amphibious, boosted hp, (breathe noxious fumes), AC +6,
large, unfitting armour, (poison resistance), (cold-blooded)
a: End Transformation, Renounce Religion, Potion Petition, Call Merchant, Bribe
Branch


You were on level 6 of the Dungeon.
You worshipped Gozag.
Gozag was aware of your devotion.
You were a creature of crystalline ice.
You visited 1 branch of the dungeon, and saw 6 of its levels.

You collected 695 gold pieces.
You spent 208 gold pieces at shops.
You paid 34 gold pieces to Gozag.

Inventory:

Missiles
 a - 7 poisoned darts
 w - 3 boomerangs
 x - 5 javelins
 B - 6 silver javelins
Jewellery
 e - an amulet of regeneration (around neck)
 s - a ring of flight (left front paw)
 v - a ring of resist corrosion (right front paw)
 C - an amulet of the acrobat
Wands
 z - a wand of paralysis (12)
 F - a wand of light (6)
Scrolls
 b - a scroll of poison {unknown}
 c - a scroll of enchant armour {unknown}
 d - a scroll of vulnerability {unknown}
 f - a scroll of acquirement {unknown}
 p - a scroll of silence {unknown}
 q - a scroll of immolation {unknown}
 u - a scroll of teleportation
 y - a scroll of butterflies {unknown}
 A - a scroll of fear {unknown}
 D - a scroll of magic mapping
 E - a scroll of blinking {unknown}
Potions
 g - 2 potions of haste
 h - 2 potions of might
 i - a potion of flight
 j - a potion of attraction
 l - 3 potions of curing
 m - a potion of degeneration {unknown}
 n - 2 potions of heal wounds
 o - 2 potions of lignification
 r - 3 potions of magic
 t - a potion of mutation {unknown}


   Skills:
 - Level 1.1 Fighting
 - Level 1.7 Dodging
 - Level 3.0 Unarmed Combat
 - Level 2.0 Spellcasting
 + Level 7.9 Transmutations
 - Level 5.0 Ice Magic
 - Level 5.0 Poison Magic


You had one spell level left.
You knew the following spells:

 Your Spells              Type           Power      Damage    Failure   Level
a - Beastly Appendage     Tmut           52%        N/A       1%          1
b - Wereblood             Tmut           26%        N/A       1%          2
c - Spider Form           Tmut/Pois      22%        N/A       4%          3
d - Ice Form              Ice/Tmut       22%        N/A       14%         4

Your spell library contained the following spells:

 Spells                   Type           Power      Damage    Failure   Level
 Sublimation of Blood     Necr           1%         N/A       30%         2
 Petrify                  Tmut/Erth      14%        N/A       38%         4
 Irradiate                Conj/Tmut      7%         3d14      75%         5
 Eringya's Noxious Bog    Tmut/Pois      11%        N/A       92%         6
 Summon Forest            Summ/Tloc      0%         N/A       99%         5
 Summon Hydra             Summ           0%         N/A       100%        7


Dungeon Overview and Level Annotations

Branches:
Dungeon (6/15)
 Temple: D:4-7

Altars:
Elyvilon
Gozag
Hepliaklqana
Nemelex Xobeh

Shops:
D:1 (   D:4 *

Annotations:
D:2 1 runed translucent door, Crazy Yiuf
D:4 3 runed translucent doors, Zerkas's ghost, amateur HOFi; rabbitsville's ghost, amateur DECj


Innate Abilities, Weirdness & Mutations

You are a creature of crystalline ice.
You have a powerful freezing melee attack.
You are amphibious.
Your maximum health is increased.
Your armour is entirely melded.
You are incapable of wielding weapons or throwing items.
((You can breathe blasts of noxious fumes.))
((Your lurid green scales are hard. (AC +6)))
You cannot fit into any form of body armour.
((Your system is resistant to poisons. (rPois)))
((You are cold-blooded and may be slowed by cold attacks.))


Message History

There is a stone staircase leading up here.
There is a stone staircase leading up here.
Found a robe. 4 wights come into view.
Found a silver wand.
Casting: Wereblood (safe; 1% risk of failure)
Confirm with . or Enter, or press ? or * to list all spells.
You turn into a creature of crystalline ice.
The wight hits you with a +0 long sword.
You feel drained.
You hit the wight but do no damage.
The wight hits you from afar with a +4 halberd!
The wight hits you with a +0 long sword.
You feel drained.
The wight hits you from afar with a +5 halberd!
You hit the wight.
The wight is moderately damaged.
You punch the wight!
The wight is almost destroyed.
The wight hits you but does no damage. The wight closely misses you.
The wight hits you with a +5 great sword!!
You feel drained.
The wight hits you from afar with a +4 halberd.
* * * LOW HITPOINT WARNING * * *
You feel drained.
* * * LOW HITPOINT WARNING * * *
The wight attacks as you move away! The wight closely misses you.
You feel much better.
The wight hits you with a +5 great sword!!
* * * LOW HITPOINT WARNING * * *
Unknown command.
Okay, then.
As you read the scroll of teleportation, it crumbles to dust.
You feel strangely unstable. The wight misses you.
The wight closely misses you.
The wight hits you with a +5 great sword!
* * * LOW HITPOINT WARNING * * *
The wight hits you from afar with a +4 halberd.
You die...
Your body crumbles into a pile of gold.

$ #.# #.#
####.#####
#........#
#........#
#.#####..#
#. #..# #
#..# #Yz#
#.z#
#.....zz.#
#........#
.....###.#
/..## .#
.. .# . [#
##


You could see 4 wights.

Vanquished Creatures
  Sigmund (D:2)
  Menkaure (D:4)
  An ogre (D:4)
  4 scorpions
  3 orc priests (D:4)
  2 hounds
  Jessica (D:3)
  4 iguanas (D:5)
  Natasha (thrice) (D:2)
  5 orc wizards
  Robin (D:2)
  9 adders
  A white imp (D:5)
  2 worms (D:2)
  3 dart slugs
  19 orcs
  8 bats
  12 endoplasms
  5 giant cockroaches
  13 goblins
  8 hobgoblins
  7 jackals
  10 kobolds
  2 quokkas (D:1)
  11 ball pythons
  2 frilled lizards
  5 rats
143 creatures vanquished.

Notes
Turn   | Place    | Note
-------+----------+-------------------------------------------
     0 | D:1      | nicolae the Draconian Transmuter began the quest for the
                  | Orb.
     0 | D:1      | Reached XP level 1. HP: 16/16 MP: 3/3
   456 | D:1      | Reached XP level 2. HP: 22/23 MP: 3/5
   459 | D:1      | Learned a level 2 spell: Wereblood
   505 | D:1      | Found Xaophoar's Antique Weapon Shop.
   574 | D:1      | Reached skill level 3 in Transmutations
  1054 | D:1      | Reached XP level 3. HP: 28/28 MP: 4/6
  1521 | D:1      | Reached skill level 4 in Transmutations
  1760 | D:2      | Noticed Natasha
  1776 | D:2      | Killed Natasha
  1777 | D:2      | Reached XP level 4. HP: 6/35 MP: 4/7
  1872 | D:2      | Noticed Robin
  1888 | D:2      | Killed Robin
  1892 | D:2      | Reached skill level 5 in Transmutations
  1986 | D:2      | Identified the +5 whip "Embalmer" {vamp, rElec rPois Int+8
                  | Dex+3}
  2132 | D:2      | Noticed Natasha
  2141 | D:2      | Killed Natasha
  2142 | D:2      | Reached XP level 5. HP: 31/40 MP: 6/8
  2179 | D:2      | Learned a level 4 spell: Ice Form
  2204 | D:2      | Noticed Sigmund
  2212 | D:2      | Killed Sigmund
  2213 | D:2      | Reached skill level 6 in Transmutations
  2213 | D:2      | Reached XP level 6. HP: 32/47 MP: 4/9
  2263 | D:2      | Noticed Natasha
  2273 | D:2      | Killed Natasha
  2274 | D:2      | Reached skill level 1 in Ice Magic
  2353 | D:2      | Found a runed translucent door.
  2354 | D:2      | Noticed Crazy Yiuf
  2475 | D:2      | Found an opulent altar of Gozag.
  2483 | D:2      | Became a worshipper of Gozag Ym Sagoz the Greedy
  3095 | D:3      | Noticed Jessica
  3097 | D:3      | Killed Jessica
  3171 | D:3      | Found a faded altar of an unknown god.
  3367 | D:4      | Identified the +6 dagger of the Three Olives {venom, rF+
                  | Int+5}
  3435 | D:4      | Your scales start taking on a lurid green colour.
  3435 | D:4      | Reached XP level 7. HP: 52/52 MP: 10/10
  3435 | D:4      | Gained mutation: Your system is resistant to poisons.
                  | (rPois) [Green Draconian growth]
  3457 | D:3      | Learned a level 3 spell: Spider Form
  3638 | D:4      | Found a runed translucent gate.
  3640 | D:4      | Found a runed translucent gate.
  3641 | D:4      | Found a runed translucent gate.
  3697 | D:4      | Noticed Menkaure
  3710 | D:4      | Killed Menkaure
  3711 | D:4      | Reached skill level 5 in Ice Magic
  3872 | D:4      | Reached skill level 1 in Poison Magic
  3910 | D:4      | Found a white marble altar of Elyvilon.
  3913 | D:4      | Found a hazy altar of Hepliaklqana.
  3923 | D:4      | Found a sparkling altar of Nemelex Xobeh.
  4045 | D:4      | Found Jaseid's General Store.
  4056 | D:4      | Bought a potion of curing for 36 gold pieces
  4056 | D:4      | Bought 6 silver javelins for 172 gold pieces
  4176 | D:4      | Noticed rabbitsville's ghost (amateur DECj)
  4177 | D:4      | Noticed Zerkas's ghost (amateur HOFi)
  4203 | D:4      | Reached XP level 8. HP: 41/59 MP: 5/11
  4574 | D:5      | Entered Level 5 of the Dungeon
  4614 | D:5      | Reached skill level 5 in Poison Magic
  4835 | D:5      | Reached skill level 7 in Transmutations
  5435 | D:6      | HP: 2/62 [wight/+5 great sword (10)]
  5435 | D:6      | Slain by a wight

Illustrated notes

Levels and vault maps discovered:
D:1:      roderic_dead_forest, layout_basic, serial_shops, nicolae_shop_stone,
          minmay_unequal
D:2:      layout_rooms, basic_altar, hangedman_decor_clover_reticule,
          minmay_worlds_worst_comb, uniq_robin, uniq_sigmund,
          uniq_crazy_yiuf_cottage, uniq_natasha
D:3:      layout_basic, shapermc_ecumenical_altar_mp_vishouse, feat_on_display,
          uniq_jessica
D:4:      layout_cave_pods, grunt_temple_overflow_open,
          gammafunk_ghost_cemetery, serial_shops, nicolae_shop_behind_doors,
          uniq_menkaure
D:5:      layout_gridville, minmay_fractal_squares_gapless_5
D:6:      layout_loops_corners, temple_pool_b, kennysheep_opposing_triangles,
          uniq_grinder, uniq_duvessa

Skill      XL: |  1  2  3  4  5  6  7  8 |
---------------+-------------------------+-----
Transmutations | 3 4 5 6 7 |  7.9
Ice Magic      | 3 5 |  5.0
Poison Magic   | 4 5 |  5.0
Fighting       | |  1.1
Dodging        | |  1.7
Unarmed Combat | |  3.0
Spellcasting   | |  2.0

Action                   |  1- 3 |  4- 6 |  7- 9 || total
-------------------------+-------+-------+-------++-------
Melee: Unarmed           |    99 |   169 |   140 ||   408
       Kick              |    23 |    28 |    14 ||    65
       Headbutt          |     8 |    22 |     7 ||    37
       Tailslap          |     7 |    24 |     6 ||    37
       Punch             |     1 |     5 |     1 ||     7
 Cast: Beastly Appendage |    27 |    23 |    13 ||    63
       Wereblood         |     1 |     2 |     5 ||     8
       Ice Form          |       |     2 |     6 ||     8
       Spider Form       |       |       |     8 ||     8
  Use: Potion            |     1 |     2 |     1 ||     4
       Scroll            |     1 |     1 |     8 ||    10
 Stab: Sleeping          |     2 |       |       ||     2
Armor: Skin              |    36 |    75 |    13 ||   124
Dodge: Dodged            |    68 |   125 |    95 ||   288

Table legend: (Time is in decaauts)
 A = Elapsed time spent in this place.
 B = Non-inter-level travel time spent in this place.
 C = Inter-level travel time spent in this place.
 D = Time resting spent in this place.
 E = Time spent auto-exploring this place.
 F = Levels seen in this place.
 G = Mean time per level.
                   A        B        C        D        E       F      G
               +--------+--------+--------+--------+--------+-----+--------+
         Total |   5434 |   5232 |    202 |    548 |   3330 |   6 |  905.7 |
       Dungeon |   5434 |   5232 |    202 |    548 |   3330 |   6 |  905.7 |
               +--------+--------+--------+--------+--------+-----+--------+

Top non-repeatable levels by time:
     D:1: 1752 daAuts
     D:4: 1208 daAuts
     D:5: 832 daAuts
     D:2: 812 daAuts
     D:3: 804 daAuts
     D:6: 24 daAuts
